 Dungeon Crawl Stone Soup version 0.32-a0-898-g7811c86cf0 (webtiles) character file.

Game seed: 9364536401791579465

8652 Autsider the Summoner (level 11, -12/54 HPs)
             Began as a Felid Summoner on Apr 4, 2024.
             Was an Elder of Kikubaaqudgha.
             Mangled by a centaur warrior simulacrum (24 damage)
             ... on level 10 of the Dungeon.
             The game lasted 00:44:17 (12285 turns).

Autsider the Summoner (Felid Summoner)             Turns: 12285, Time: 00:44:18

Health: -12/54     AC:  2    Str:  4    XL:     11   Next: 12%
Magic:  21/23      EV: 20    Int: 23    God:    Kikubaaqudgha [****..]
Gold:   991        SH:  5    Dex: 17    Spells: 7/25 levels left
                                        Lives:  0   Deaths: 4

rFire   . . .        (weapon unavailable)
rCold   . . .        (shield unavailable)
rNeg    . . .        (body armour unavailable)
rPois   +            (helmet unavailable)
rElec   .            (cloak unavailable)
rCorr   +            (gloves unavailable)
SInv    +            (boots unavailable)
Will    +....        k - amulet of reflection
Stlth   ++++         u - ring of poison resistance
HPRegen 0.29/turn    c - ring of resist corrosion
MPRegen 0.18/turn

%: reflection
@: unable to call your familiar
A: very small, claws 1, fangs 3, see invisible, shaggy fur 2, stealthy paws, no
weapons or thrown items, no armour, multi-lived
a: Renounce Religion, Unearth Wretches


You were on level 10 of the Dungeon.
You worshipped Kikubaaqudgha.
Kikubaaqudgha was greatly pleased with you.
You visited 2 branches of the dungeon, and saw 11 of its levels.

You collected 991 gold pieces.

Inventory:

Jewellery
 c - a ring of resist corrosion (right paw)
 d - an amulet of regeneration
 k - an amulet of reflection (around neck)
 u - a ring of poison resistance (left paw)
 w - an amulet of faith
 x - an amulet of guardian spirit
Wands
 m - a wand of mindburst (15)
 F - a wand of warping (3)
Scrolls
 e - 5 scrolls of vulnerability
 g - a scroll of blinking
 y - a scroll of torment
 z - a scroll of noise
 B - a scroll of poison
 E - a scroll of summoning {unknown}
Potions
 a - 2 potions of magic
 b - 3 potions of heal wounds
 h - 2 potions of mutation
 i - a potion of lignification {unknown}
 j - 4 potions of curing {@q1}
 l - 2 potions of enlightenment {unknown}
 n - 3 potions of brilliance
 p - a potion of haste {unknown}
 s - 2 potions of invisibility
 A - a potion of degeneration {unknown}
 D - 2 potions of attraction {unknown}


   Skills:
 + Level 4.8 Fighting
 + Level 7.0 Dodging
 + Level 7.4 Stealth
 + Level 7.6 Spellcasting
 + Level 9.0 Summonings
 + Level 4.5 Necromancy
 - Level 5.0 Fire Magic
 + Level 4.2 Air Magic
 - Level 5.0 Evocations


You had 7 spell levels left.
You knew the following spells:

 Your Spells              Type           Power      Damage    Failure   Level
a - Call Canine Familiar  Summ           50%        N/A       1%          3
b - Summon Blazeheart Go  Fire/Summ      41%        N/A       4%          4
c - Summon Lightning Spi  Summ/Air       39%        N/A       4%          4
e - Animate Dead          Necr           29%        N/A       11%         4
m - Call Imp              Summ           100%       N/A       1%          2
A - Summon Small Mammal   Summ           100%       N/A       1%          1

Your spell library contained the following spells:

 Spells                   Type           Power      Damage    Failure   Level
 Sublimation of Blood     Necr           29%        N/A       1%          2
 Cigotuvi's Dreadful Rot  Necr/Alch/Air  44%        N/A       3%          2
 Vampiric Draining        Necr           29%        2d8       3%          3
 Martyr's Knell           Necr/Summ      39%        N/A       4%          4
 Magic Dart               Conj           32%        1d4       8%          1
 Searing Ray              Conj           16%        2d5       11%         2
 Dispel Undead            Necr           29%        3d13      11%         4
 Curse of Agony           Necr           29%        N/A       30%         5
 Fulminant Prism          Conj/Alch      4%         3d5       58%         4
 Borgnjor's Vile Clutch   Necr/Erth      9%         N/A       61%         5


Dungeon Overview and Level Annotations

Branches:
Dungeon (10/15)            Temple (1/1) D:5            Lair (0/5) D:10
    Orc (0/2) D:9

Altars:
Ashenzari
Cheibriados
Dithmenos
Elyvilon
Fedhas
Gozag
Hepliaklqana
Kikubaaqudgha
Makhleb
Nemelex Xobeh
Okawaru
Qazlal
Ru
Sif Muna
Trog
Uskayaw
Vehumet
Wu Jian
Xom
Yredelemnul
Zin
The Shining One
Lugonu

Shops:
D:6 =   D:9 =   D:10 **

Annotations:
D:5 exclusion: cerulean imp
D:9 2 transporters


Innate Abilities, Weirdness & Mutations

You have sharp claws.
You have razor-sharp teeth.
You have supernaturally acute eyesight. (SInv)
You are covered in thick fur. (AC +2)
Your paws help you pounce on unaware monsters.
You are incapable of wielding weapons or throwing items.
You cannot wear armour.
You gain extra lives every three experience levels.


Message History

The orc dies!
Kikubaaqudgha accepts your kill.
The orc warrior throws a boomerang.
The boomerang hits your inugami.
Casting: Summon Blazeheart Golem (dangerous; 4% risk of failure)
Confirm with . or Enter, or press ? or * to list all spells.
You don't know that spell.
You block the orc warrior's attack. The orc warrior misses you.
You block the orc warrior's attack. The orc warrior closely misses you.
The orc warrior throws a boomerang.
The boomerang hits your inugami!
The orc warrior throws a boomerang.
The boomerang hits your inugami!
Your inugami dies!
Your inugami disappears in a puff of smoke!
The orc warrior throws a boomerang.
The boomerang hits your blazeheart golem but does no damage.
The orc warrior barely misses you. The orc warrior misses you.
The orc warrior throws a boomerang.
The boomerang hits your blazeheart golem.
The orc warrior barely misses you.
The centaur warrior simulacrum closely misses you.
The centaur warrior simulacrum misses you.
Your blazeheart golem disappears in a puff of smoke!
The centaur warrior simulacrum completely misses you.
The centaur warrior simulacrum closely misses you.
The orc warrior barely misses you.
The centaur warrior simulacrum closely misses you.
The centaur warrior simulacrum kicks you.
The centaur warrior simulacrum freezes you!!
* * * LOW HITPOINT WARNING * * *
The centaur warrior simulacrum completely misses you.
The centaur warrior simulacrum barely misses you.
The orc warrior throws a boomerang.
The boomerang completely misses you.
The centaur warrior simulacrum attacks as it pursues you!
The centaur warrior simulacrum hits you!
* * * LOW HITPOINT WARNING * * *
The centaur warrior simulacrum freezes you!!
You die...
Kikubaaqudgha rasps: You have failed me!
Welcome... death!

..................#*.~..~.......#
.................##~~~..~..~~...~
,,**#####........#~~~..~..~..~..~
,,*,....#.######.#~~...~.⌠~..~..~
,,*,....'.######.#~~..~..~⌠.~...~
,,*,....#.######.#~~..~^.~..~..~~
,,*,.$..#.######.##~...~~..~..~~~
,,*,,,,,*,* #..##.......~..~.#
,,*,,,,,*,* #@.##........~~..#
,,****'**,* #Z..#............#
,,,,,,,,,,* #.................
,,,,,,,,,,* #§................
,,,,,,,,,,*****#o................
***,<,,,,......)..............>..
*,,,,,,)......................[
*,,,,,,...)....................
*,,,,,,.......................)


You could see an orc warrior and a centaur warrior simulacrum.

Vanquished Creatures
  A cyclops (D:10)
  2 trolls (D:9)
  A wyvern (D:7)
  A centaur simulacrum (D:10)
  3 yaks (D:10)
  Grum (D:10)
  3 vampire mosquitoes (D:10)
  Duvessa (D:7)
  An acid dragon (D:9)
  An orc warrior (D:10)
  An ice beast (D:6)
  2 wolves (D:10)
  2 centaurs
  Blork the orc (D:4)
  3 wights (D:9)
  A killer bee (D:8)
  A hound (D:6)
  An orc priest (D:10)
  2 iguanas
  3 orc wizards (D:5)
  An adder (D:2)
  13 orcs
  2 ball pythons
  An endoplasm (D:3)
  A goblin (D:2)
  A hobgoblin (D:1)
  A bat (D:2)
  A frilled lizard (D:1)
  A kobold (D:3)
54 creatures vanquished.

Vanquished Creatures (collateral kills)
  A troll (D:10)
  2 centaur simulacra (D:10)
  A wyvern (D:9)
  A warg (D:10)
  3 yaks (D:10)
  2 water moccasins
  5 orc warriors
  2 ice beasts
  A sky beast (D:8)
  3 wolves (D:10)
  2 ogres
  A centaur (D:10)
  3 kobold brigands
  3 bullfrogs
  A gnoll sergeant (D:9)
  3 scorpions
  6 wights (D:9)
  Dowan (D:7)
  4 killer bees (D:8)
  2 electric eels (D:10)
  A howler monkey (D:4)
  4 hounds
  A sleepcap (D:7)
  8 orc priests
  2 jellies (D:6)
  2 iguanas
  Jessica (D:2)
  A gnoll bouda (D:9)
  15 orc wizards
  Robin (D:2)
  17 gnolls
  9 adders
  2 shadow imps (D:7)
  2 white imps (D:10)
  A howler monkey simulacrum (D:10)
  2 ufetubi (D:7)
  A dart slug (D:1)
  5 ribbon worms
  56 orcs
  7 endoplasms
  4 giant cockroaches
  10 goblins
  4 hobgoblins
  7 quokkas
  9 ball pythons
  4 bats
  3 frilled lizards
  12 kobolds
  2 rats (D:1)
240 creatures vanquished.

Vanquished Creatures (others)
  29 blazeheart cores
29 creatures vanquished.

Grand Total: 323 creatures vanquished

Notes
Turn   | Place    | Note
-------+----------+-------------------------------------------
     0 | D:1      | Autsider the Felid Summoner began the quest for the Orb.
     0 | D:1      | Reached XP level 1. HP: 9/9 MP: 4/4
    33 | D:1      | You fall into a shaft and drop 1 floor!
   148 | D:2      | Reached XP level 2. HP: 13/13 MP: 3/6
   151 | D:2      | Learned a level 2 spell: Call Imp
   379 | D:1      | Reached XP level 3. HP: 13/16 MP: 8/8
   405 | D:1      | Learned a level 3 spell: Call Canine Familiar
   426 | D:1      | Found a faded altar of an unknown god.
  1402 | D:2      | Noticed Robin
  1429 | D:2      | Shot with a sling bullet by a goblin
  1429 | D:2      | Lost a life (0 lives remaining)
  1495 | D:2      | Killed Robin
  1496 | D:2      | Reached XP level 4. HP: 21/21 MP: 9/9
  1496 | D:2      | Gained a life (1 life remaining)
  1515 | D:2      | Noticed Jessica
  1532 | D:2      | Killed Jessica
  1533 | D:2      | Reached skill level 5 in Summonings
  2345 | D:3      | Found an iron altar of Okawaru.
  2481 | D:3      | Reached XP level 5. HP: 24/24 MP: 9/11
  2486 | D:3      | Learned a level 4 spell: Summon Blazeheart Golem
  2867 | D:3      | Reached skill level 1 in Fire Magic
  3441 | D:4      | Gained mutation: You are covered in thick fur. (AC +2)
                  | [Felid growth]
  3441 | D:4      | Reached XP level 6. HP: 28/28 MP: 13/13
  3769 | D:4      | Noticed Blork the orc
  3778 | D:4      | Killed Blork the orc
  3779 | D:4      | Reached skill level 6 in Summonings
  4001 | D:4      | Found a hazy altar of Hepliaklqana.
  4495 | D:5      | Entered Level 5 of the Dungeon
  4501 | D:5      | Learned a level 4 spell: Summon Lightning Spire
  4756 | D:5      | Reached XP level 7. HP: 17/32 MP: 8/15
  4756 | D:5      | Gained a life (2 lives remaining)
  4839 | D:5      | Reached skill level 5 in Spellcasting
  5100 | D:5      | Reached skill level 1 in Evocations
  5248 | D:5      | Found a staircase to the Ecumenical Temple.
  5257 | Temple   | Entered the Ecumenical Temple
  5276 | Temple   | Became a worshipper of Kikubaaqudgha
  5891 | D:6      | Reached XP level 8. HP: 19/36 MP: 13/17
  5911 | D:6      | Reached skill level 7 in Summonings
  5983 | D:6      | Found Riyppil's Jewellery Boutique.
  6748 | D:7      | Reached * piety under Kikubaaqudgha
  6748 | D:7      | Received a gift from Kikubaaqudgha
  6754 | D:7      | Learned a level 4 spell: Animate Dead
  6851 | D:7      | Noticed Duvessa
  6862 | D:7      | Killed Duvessa
  6872 | D:7      | Noticed Dowan
  6892 | D:7      | Reached skill level 1 in Fighting
  6892 | D:7      | Reached XP level 9. HP: 7/41 MP: 1/19
  6899 | D:7      | Killed from afar by Dowan
  6899 | D:7      | Lost a life (1 life remaining)
  7190 | D:7      | Killed Dowan
  7191 | D:7      | Reached skill level 1 in Air Magic
  7329 | D:7      | Reached skill level 5 in Fire Magic
  7711 | D:7      | Reached skill level 1 in Necromancy
  8449 | D:8      | Found a stormy altar of Qazlal.
  8932 | D:9      | Reached ** piety under Kikubaaqudgha
  8942 | D:9      | Reached skill level 8 in Summonings
  8961 | D:9      | Slain by a water moccasin
  8961 | D:9      | Lost a life (0 lives remaining)
  8962 | D:9      | Found a blossoming altar of Fedhas.
  8972 | D:9      | Found a radiant altar of Vehumet.
  8972 | D:9      | Noticed a troll
  8977 | D:9      | Killed a troll
  8978 | D:9      | Reached skill level 5 in Evocations
  9043 | D:9      | Reached skill level 5 in Stealth
  9082 | D:9      | Found Foch's Jewellery Shop.
  9313 | D:9      | Noticed a troll
  9348 | D:9      | Killed a troll
  9349 | D:9      | Reached skill level 5 in Dodging
  9349 | D:9      | Reached XP level 10. HP: 45/49 MP: 15/21
  9349 | D:9      | Gained a life (1 life remaining)
  9668 | D:9      | Found a transporter.
  9671 | D:9      | Found a transporter.
  9671 | D:9      | Found a corrupted altar of Lugonu.
 10130 | D:9      | Reached *** piety under Kikubaaqudgha
 10130 | D:9      | Received a gift from Kikubaaqudgha
 10264 | D:9      | Found a staircase to the Orcish Mines.
 10457 | D:9      | Noticed a purple ugly thing
 10461 | D:9      | Noticed a brown ugly thing
 10497 | D:10     | Entered Level 10 of the Dungeon
 10512 | D:10     | Noticed Grum
 10531 | D:10     | Killed Grum
 10740 | D:10     | Found Bicoer's Gadget Gallery.
 10852 | D:10     | Found a snail-covered altar of Cheibriados.
 11036 | D:10     | Found a staircase to the Lair.
 11432 | D:10     | Reached **** piety under Kikubaaqudgha
 11501 | D:10     | Found Riadoat's Assorted Antiques.
 11515 | D:10     | Identified a scroll of acquirement
 11515 | D:10     | Acquired 401 gold pieces
 11530 | D:10     | Demolished by a centaur warrior simulacrum
 11530 | D:10     | Lost a life (0 lives remaining)
 11575 | D:10     | Reached XP level 11. HP: 54/54 MP: 16/23
 11799 | D:10     | Reached skill level 9 in Summonings
 12285 | D:10     | Mangled by a centaur warrior simulacrum

Illustrated notes

Levels and vault maps discovered:
D:1:      wander_arrival_estate, layout_basic, serial_bayou,
          serial_bayou_ford_a, serial_bayou_crossing, serial_bayou_pond_b,
          serial_bayou_lake_a, hellmonk_ecumenical_altar_pennies_from_heaven,
          nrook_mini_vaults
D:2:      layout_basic, uniq_robin, uniq_jessica
D:3:      layout_loops_ring, mainiacjoe_overflow_cross_hatched
D:4:      layout_cave_pods, old_standard_altar, uniq_blork_the_orc
D:5:      layout_cave_pods, minmay_temple_entry_junction, serial_park,
          serial_park_tiny_2, serial_park_tiny_2, serial_park_tiny_pond,
          serial_park_tiny_pond, serial_park_avenue1
D:6:      layout_basic, serial_shops, nicolae_shop_gaudy_bauble,
          serial_aquarium, aquarium_bridge_square [aquarium_subvault_bridge,
          aquarium_subvault_bridge, aquarium_subvault_bridge,
          aquarium_subvault_balcony], aquarium_window_corridor_1,
          aquarium_window_2, aquarium_view_2d, aquarium_view_2a,
          aquarium_pool_corner, kennysheep_small_square
D:7:      layout_loops_ring, uniq_duvessa
D:8:      layout_loops_ring, nicolae_qazlal_eye_of_the_storm
D:9:      gammafunk_corrupted_shrine, layout_loops_ring,
          mainiacjoe_overflow_big_doors, kennysheep_orc_monster_closet_entryway,
          serial_shops, nicolae_shop_getting_attention
D:10:     cheibrodos_helix_gallery, layout_irregular_city, old_standard_altar,
          erik_lair_orcish_takeover, serial_ice, serial_ice_i, serial_ice_c,
          serial_ice_a, serial_ice_m, serial_ice_b, serial_ice_d, serial_shops,
          shop, nicolae_shop_gadgets, uniq_grum
Temple:   nicolae_temple_slightly_damp_pantheon

Skill      XL: |  1  2  3  4  5  6  7  8  9 10 11 |
---------------+----------------------------------+-----
Spellcasting   | 3 4 5 6 7 |  7.6
Summonings     | 5 6 7 8 9 |  9.0
Fire Magic     | 1 2 3 4 5 |  5.0
Evocations     | 2 4 5 |  5.0
Dodging        | 3 5 6 7 |  7.0
Stealth        | 3 5 7 |  7.4
Fighting       | 1 3 4 |  4.8
Air Magic      | 2 4 |  4.2
Necromancy     | 2 4 |  4.5

Action                     |  1- 3 |  4- 6 |  7- 9 | 10-12 || total
---------------------------+-------+-------+-------+-------++-------
  Melee: Unarmed           |    15 |    24 |    47 |    22 ||   108
         Bite              |     1 |     3 |     5 |     3 ||    12
         Punch             |       |       |       |     1 ||     1
   Cast: Summon Small Mamm |    10 |     6 |       |       ||    16
         Call Imp          |    12 |    23 |    22 |     4 ||    61
         Call Canine Famil |     8 |    29 |    46 |    19 ||   102
         Summon Blazeheart |       |     3 |    21 |    17 ||    41
         Summon Lightning  |       |       |     6 |    28 ||    34
    Use: Scroll            |       |     1 |     5 |    11 ||    17
         Potion            |       |       |     1 |       ||     1
   Stab: Distracted        |       |     1 |       |       ||     1
         Sleeping          |       |     1 |       |       ||     1
         Betrayed ally     |       |       |     1 |       ||     1
 Armour: Skin              |    17 |    24 |    44 |    56 ||   141
  Dodge: Dodged            |    31 |    42 |    53 |   101 ||   227
  Block: Other             |       |     5 |    22 |    20 ||    47
         Reflection        |       |     1 |     2 |     2 ||     5

Table legend: (Time is in decaauts)
 A = Elapsed time spent in this place.
 B = Non-inter-level travel time spent in this place.
 C = Inter-level travel time spent in this place.
 D = Time resting spent in this place.
 E = Time spent auto-exploring this place.
 F = Levels seen in this place.
 G = Mean time per level.
                   A        B        C        D        E       F      G
               +--------+--------+--------+--------+--------+-----+--------+
         Total |  12337 |  11994 |    343 |    878 |   8484 |  11 | 1121.5 |
       Dungeon |  12298 |  11992 |    306 |    878 |   8484 |  10 | 1229.8 |
        Temple |     38 |      1 |     37 |      0 |      0 |   1 |   38.0 |
               +--------+--------+--------+--------+--------+-----+--------+

Top non-repeatable levels by time:
    D:10: 1793 daAuts
     D:9: 1599 daAuts
     D:5: 1241 daAuts
     D:4: 1221 daAuts
     D:1: 1175 daAuts
     D:2: 1154 daAuts
     D:7: 1117 daAuts
     D:8: 1050 daAuts
     D:3: 990 daAuts
     D:6: 952 daAuts
  Temple: 38 daAuts
